AoeStats
← _YuX_

Scandinavia

510403993Analyzed
1v1 RM · 16h ago on Sep 30, 2026· 33m 53s· 2 players
Game mode
Random Map
Map size
Tiny (2 player)
Population
200
Speed
Normal
Resources
Standard
Victory
Conquest
Starting age
Dark Age
Ending age
Imperial Age
RankedLock teamsTeams togetherTeam positionsShared explorationLock speedFull tech treeHidden civsTurbo modeCheats
Victory
Defeat
🇦🇷 Italians · Argentina
1420
+16
🇺🇸 Saxons · United States
1430
-16
_YuX_
7:52 Loom
10:07 Feudal Age
11:48 Wheelbarrow
11:12 Town Watch
14:06 Castle Age
12:13 Double-Bit Axe
15:23 Bow Saw
15:35 Fletching
18:51 Wheelbarrow
21:48 Fishing Lines
28:37 Imperial Age
26:58 Horse Collar
29:04 Padded Archer Armor
29:42 Pirotechnia
30:37 Chemistry
30:02 Leather Archer Armor
31:14 Ring Archer Armor
30:49 Gold Mining
33:41 Ballistics
Kreos
6:15 Loom
9:29 Feudal Age
10:52 Double-Bit Axe
11:47 Horse Collar
18:54 Castle Age
17:36 Scale Mail Armor
18:33 Gold Mining
19:04 Forging
20:01 Chain Mail Armor
19:58 Crossbowman
20:39 Fletching
20:15 Crossbowman
25:09 Squires
24:55 Gambesons
25:49 Bow Saw
26:58 Chain Mail Armor
26:58 Heavy Plow
26:30 Elite Skirmisher
27:15 Bodkin Arrow
27:58 Iron Casting
28:39 Wheelbarrow
28:52 Town Watch
31:22 Hand Cart
Connection lost

Rejoining the realm…

Still unreachable

The connection could not be restored.

Session expired

The server has moved on; the page needs a fresh start.